AoeStats
← Bugsibär

Arabia

508222774Analyzed
1v1 RM · 11d ago on Sep 21, 2026· 17m 28s· 2 players
Game mode
Random Map
Map size
Tiny (2 player)
Population
200
Speed
Normal
Resources
Standard
Victory
Conquest
Starting age
Dark Age
Ending age
Imperial Age
RankedLock teamsTeams togetherTeam positionsShared explorationLock speedFull tech treeHidden civsTurbo modeCheats
Victory
Defeat
🇩🇪 Shu · Germany
1743
+15
🇵🇱 Magyars · Poland
1711
-15
Archer on duty
4:58 Loom
10:25 Feudal Age
15:11 Castle Age
Bugsibär
6:32 Loom
8:51 Feudal Age
8:54 Man-at-Arms
10:26 Double-Bit Axe
14:18 Fletching
19:40 Castle Age
Connection lost

Rejoining the realm…

Still unreachable

The connection could not be restored.

Session expired

The server has moved on; the page needs a fresh start.